 Dungeon Crawl Stone Soup version 0.29-a0-870-g2c972031a6 (webtiles) character file.

Game seed: 12120369061178442253

839 concernfroge the Fighter (level 7, -1/64 HPs)
             Began as a Mummy Monk on July 17, 2022.
             Was an Initiate of Gozag.
             Slain by a wight
             ... wielding a +0 scimitar
              (5 damage)
             ... on level 6 of the Dungeon.
             The game lasted 00:13:35 (3989 turns).

concernfroge the Fighter (Mummy Monk)               Turns: 3989, Time: 00:13:36

Health: -1/64      AC: 11    Str: 16    XL:     7   Next: 67%
Magic:  7/7        EV:  7    Int: 10    God:    Gozag
Gold:   68         SH:  0    Dex: 14    Spells: 6/6 levels left

rFire   x . .      SeeInvis .   h - +1 battleaxe
rCold   + . .      Faith    .   (shield currently unavailable)
rNeg    + + +      Spirit   .   i - +3 chain mail
rPois   ∞          Reflect  .   (no helmet)
rElec   .          Harm     .   (no cloak)
rCorr   .          Rampage  .   (no gloves)
Will    .....                   (no boots)
Stlth   ..........              (no amulet)
HPRegen 0.20/turn               (no ring)
MPRegen 0.10/turn               (no ring)

@: gold aura
A: cold resistance 1, negative energy resistance 3, torment resistance 2, heat
vulnerability 1, in touch with death 1, no potions
a: Renounce Religion, Potion Petition, Call Merchant, Bribe Branch


You were on level 6 of the Dungeon.
You worshipped Gozag.
Gozag was noncommittal.
You visited 2 branches of the dungeon, and saw 7 of its levels.

You collected 408 gold pieces.
You paid 340 gold pieces to Gozag.

Inventory:

Hand Weapons
 h - a +1 battleaxe (weapon)
Armour
 i - a +3 chain mail (worn)
Scrolls
 a - a scroll of amnesia
 d - a scroll of noise


   Skills:
 + Level 9.2 Fighting
 - Level 2.4 Polearms
 - Level 2.4 Dodging
 - Level 1.5 Stealth


You had 6 spell levels left.
You didn't know any spells.
Your spell library contained the following spells:

 Spells                   Type           Power      Damage    Failure   Level
 Ensorcelled Hibernation  Hex/Ice        0%         N/A       100%        2
 Passwall                 Tmut/Erth      0%         N/A       100%        2
 Swiftness                Air            0%         N/A       100%        3


Dungeon Overview and Level Annotations

Branches:
Dungeon (6/15)             Temple (1/1) D:5

Altars:
Ashenzari
Dithmenos
Fedhas
Gozag
Kikubaaqudgha
Nemelex Xobeh
Okawaru
Qazlal
Ru
Trog
Uskayaw
Vehumet
Wu Jian
Xom

Shops:
D:2 (

Annotations:
D:5 Grinder


Innate Abilities, Weirdness & Mutations

You are immune to poison.
Your flesh is cold resistant. (rC+)
You are immune to negative energy. (rN+++)
You are immune to unholy pain and torment.
You are vulnerable to heat. (rF-)
You are in touch with the powers of death.
You do not drink.


Message History

You slash the wight!
The wight is almost destroyed.
The wight hits you with a +2 spear. x2
You closely miss the wight.
The wight is almost destroyed.
The wight hits you with a +2 spear. The wight closely misses you.
The wight hits you with a +0 scimitar!
You hit the wight.
You destroy the wight!
You hit the wight but do no damage. The wight hits you with a +0 scimitar.
Your Fighting skill increases to level 9!
You hit the wight but do no damage. You closely miss the wight.
The wight hits you with a +0 falchion! The wight closely misses you.
The wight hits you with a +0 scimitar.
You hit the wight.
The wight is lightly damaged.
You hit the wight but do no damage. The wight hits you with a +0 falchion.
The wight hits you with a +0 scimitar.
Okay, then.
You slash the wight!
The wight is severely damaged.
You hit the wight but do no damage. The wight hits you with a +0 falchion!
* * * LOW HITPOINT WARNING * * *
The wight barely misses you. The wight hits you with a +0 falchion.
* * * LOW HITPOINT WARNING * * *
The wight closely misses you.
You closely miss the wight.
The wight is severely damaged.
You hit the wight. The wight hits you with a +0 falchion!
* * * LOW HITPOINT WARNING * * *
The wight barely misses you. The wight closely misses you.
The wight barely misses you.
You slash the wight!
You destroy the wight!
You barely miss the wight. The wight hits you but does no damage.
You closely miss the wight.
The wight is moderately damaged.
The wight hits you with a +0 scimitar.
You die...
Your body crumbles into a pile of gold.

.......$##.....#
?.......$$.......#
..........###.)..####
..........###.........
.........!.......#####
.......###......#######
###.
#........$............##
....
####.....######..####..##
###..########..$@# ###.#
##..# ...............z$#
##..######.#
####.........#...#
#.####.....#
#........##...#
##..##...###
#........##...#
###.#.#.###
#######....^.z.#
##..##...).# #..######...
#.###....... ###.##
....###..##.....#
#######...####..#...#
###.#.....#


You could see 2 wights.

Vanquished Creatures
  A bullfrog (D:6)
  A scorpion (D:4)
  3 wights (D:6)
  2 howler monkeys
  3 hounds
  2 jellies
  2 orc priests
  Terence (D:3)
  3 iguanas (D:6)
  3 orc wizards
  3 adders
  A shadow imp (D:5)
  An ufetubus (D:4)
  4 dart slugs
  7 orcs
  3 endoplasms
  A giant cockroach (D:4)
  5 goblins
  4 hobgoblins
  3 jackals (D:3)
  A quokka (D:4)
  7 ball pythons
  3 bats
  A frilled lizard (D:2)
  2 kobolds
  A rat (D:3)
68 creatures vanquished.

Notes
Turn   | Place    | Note
-------+----------+-------------------------------------------
     0 | D:1      | concernfroge the Mummy Monk began the quest for the Orb.
     0 | D:1      | Reached XP level 1. HP: 18/18 MP: 1/1
   388 | D:1      | Reached XP level 2. HP: 22/24 MP: 2/2
  1202 | D:2      | Found Wuull's Weapon Shop.
  1232 | D:2      | Reached skill level 4 in Fighting
  1299 | D:2      | Gained mutation: You are in touch with the powers of death.
                  | [Mummy growth]
  1299 | D:2      | Reached XP level 3. HP: 23/30 MP: 3/3
  1463 | D:2      | Found a faded altar of an unknown god.
  1950 | D:3      | Noticed Terence
  1958 | D:3      | Killed Terence
  1959 | D:3      | Reached skill level 5 in Fighting
  1959 | D:3      | Reached XP level 4. HP: 35/39 MP: 4/4
  2287 | D:4      | Noticed a scorpion
  2318 | D:4      | Killed a scorpion
  2319 | D:4      | Reached XP level 5. HP: 41/46 MP: 5/5
  2403 | D:4      | Reached skill level 6 in Fighting
  2694 | D:4      | Found an ornate altar of the Wu Jian Council.
  2742 | D:4      | Reached XP level 6. HP: 51/53 MP: 6/6
  2929 | D:5      | Entered Level 5 of the Dungeon
  2968 | D:5      | Reached skill level 7 in Fighting
  3101 | D:5      | Found a staircase to the Ecumenical Temple.
  3106 | Temple   | Entered the Ecumenical Temple
  3123 | Temple   | Became a worshipper of Gozag Ym Sagoz the Greedy
  3458 | D:5      | Noticed Grinder
  3464 | D:6      | Reached skill level 8 in Fighting
  3464 | D:6      | Reached XP level 7. HP: 14/62 MP: 7/7
  3465 | D:6      | HP: 2/62 [hound (4)]
  3984 | D:6      | Reached skill level 9 in Fighting
  3989 | D:6      | Slain by a wight

Illustrated notes

Levels and vault maps discovered:
D:1:      amcnicky_arrival_gap_in_the_tavern_cellar, layout_loops_ring,
          kennysheep_another_room
D:2:      layout_loops_ring, chequers_ecumenical_altar_simple, serial_shops,
          nicolae_shop_bloodbath_and_beyond
D:3:      layout_basic, kennysheep_generic_room_6, uniq_terence
D:4:      layout_cave_pools, nzn_wu_jian_council_hall, dreamdust_wishing_well
D:5:      layout_basic, minmay_temple_entry_from_below_a, portal_sewer_entry_d,
          serial_shops, nicolae_shop_advertising_works
          [nicolae_subvault_shop_adworks], kennysheep_mini_moat,
          minmay_starry_boxes, uniq_grinder
D:6:      layout_rooms, grunt_decor_resistance
Temple:   minmay_freezing_vapour_temple

Skill      XL: |  1  2  3  4  5  6  7 |
---------------+----------------------+-----
Fighting       | 4 5 6 8 9 |  9.2
Polearms       | |  2.4
Dodging        | |  2.4
Stealth        | |  1.5

Action                   |  1- 3 |  4- 6 |  7- 9 || total
-------------------------+-------+-------+-------++-------
Melee: Spear             |    68 |       |       ||    68
       Punch             |     2 |       |       ||     2
       Battleaxe         |    36 |    94 |    20 ||   150
Invok: Potion Petition   |       |       |     1 ||     1
  Use: Scroll            |       |    15 |     1 ||    16
 Stab: Sleeping          |     3 |       |       ||     3
Armor: Robe              |     5 |       |       ||     5
       Ring mail         |    16 |       |       ||    16
       Scale mail        |     2 |     5 |       ||     7
       Chain mail        |       |    80 |     6 ||    86
Dodge: Dodged            |    64 |    48 |    19 ||   131

Table legend: (Time is in decaauts)
 A = Elapsed time spent in this place.
 B = Non-inter-level travel time spent in this place.
 C = Inter-level travel time spent in this place.
 D = Time resting spent in this place.
 E = Time spent auto-exploring this place.
 F = Levels seen in this place.
 G = Mean time per level.
                   A        B        C        D        E       F      G
               +--------+--------+--------+--------+--------+-----+--------+
         Total |   4081 |   3899 |    182 |    397 |   2861 |   7 |  583.0 |
       Dungeon |   4058 |   3887 |    171 |    397 |   2851 |   6 |  676.3 |
        Temple |     22 |     11 |     11 |      0 |     10 |   1 |   22.0 |
               +--------+--------+--------+--------+--------+-----+--------+

Top non-repeatable levels by time:
     D:6: 994 daAuts
     D:1: 909 daAuts
     D:2: 754 daAuts
     D:4: 740 daAuts
     D:3: 575 daAuts
     D:5: 84 daAuts
  Temple: 22 daAuts
